 Dungeon Crawl Stone Soup version 0.29-a0-653-gd47aff6735 (webtiles) character file.

Game seed: 4742209644166499593

674 marklar909 the Cudgeller (level 7, -2/57 HPs)
             Began as a Palentonga Fighter on June 22, 2022.
             Was an Initiate of Makhleb.
             Slain by a white imp (3 damage)
             ... on level 6 of the Dungeon.
             The game lasted 00:14:15 (6861 turns).

marklar909 the Cudgeller (Palentonga Fighter)       Turns: 6861, Time: 00:14:16

Health: -2/57      AC: 16    Str: 20    XL:     7   Next: 33%
Magic:  7/7        EV:  8    Int:  8    God:    Makhleb [......]
Gold:   241        SH:  4    Dex: 11    Spells: 6/6 levels left

rFire   . . .      SeeInvis +   a - +0 flail
rCold   . . .      Faith    .   c - +0 buckler
rNeg    . . .      Spirit   .   x - +1 ring mail {rPois}
rPois   +          Reflect  .   (no helmet)
rElec   .          Harm     .   (no cloak)
rCorr   .          Rampage  .   n - +1 pair of gloves
Will    .....                   (no barding)
Stlth   +.........              (no amulet)
HPRegen 0.19/turn               (no ring)
MPRegen 0.10/turn               (no ring)

@: hasted, curled up, very quick
A: large, rugged brown scales 3, see invisible, deformed body, roll 1, armoured
tail, reflexive curl
a: Rolling Charge, Renounce Religion


You were on level 6 of the Dungeon.
You worshipped Makhleb.
Makhleb was noncommittal.
You visited 2 branches of the dungeon, and saw 7 of its levels.
You also visited: Sewer.

You collected 241 gold pieces.

Inventory:

Hand Weapons
 a - a +0 flail (weapon)
Missiles
 v - 2 javelins
Armour
 c - a +0 buckler (worn)
 n - a +1 pair of gloves (worn)
 x - a +1 ring mail of poison resistance (worn)
Scrolls
 f - a scroll of silence
 g - a scroll of fog {unknown}
 k - a scroll of brand weapon {unknown}
 l - a scroll of enchant armour {unknown}
 o - a scroll of summoning {unknown}
 r - a scroll of noise {unknown}
 s - a scroll of magic mapping
 u - 2 scrolls of fear {unknown}
Potions
 d - 2 potions of might
 e - 6 potions of curing
 h - a potion of brilliance
 j - a potion of cancellation
 m - 4 potions of flight
 q - 2 potions of invisibility {unknown}
 t - a potion of degeneration {unknown}
 w - a potion of lignification {unknown}


   Skills:
 + Level 4.1 Fighting
 + Level 4.7 Maces & Flails
 + Level 4.3 Armour
 + Level 1.2 Dodging
 + Level 1.3 Stealth
 + Level 3.7 Shields
 + Level 0.1 Evocations


You had 6 spell levels left.
You didn't know any spells.
Your spell library contained the following spells:

 Spells                   Type           Power      Damage    Failure   Level
 Foxfire                  Conj/Fire      0%         2x1d4     65%         1
 Conjure Flame            Conj/Fire      0%         6-21      95%         3
 Inner Flame              Hex/Fire       0%         N/A       95%         3
 Flame Wave               Conj/Fire      0%         2d4       100%        4


Dungeon Overview and Level Annotations

Branches:
Dungeon (6/15)             Temple (1/1) D:5           Sewer (visited)

Altars:
Ashenzari
Cheibriados
Fedhas
Gozag
Hepliaklqana
Kikubaaqudgha
Makhleb
Nemelex Xobeh
Okawaru
Qazlal
Ru
Sif Muna
Trog
Uskayaw
Vehumet
Wu Jian
Xom
Yredelemnul
Zin
The Shining One

Annotations:
D:4 Pikel


Innate Abilities, Weirdness & Mutations

You are completely covered in rugged brown scales. (AC +3, +7% HP)
You have supernaturally acute eyesight. (SInv)
Armour fits poorly on your strangely shaped body.
You can roll at nearby foes to attack.
You have a long armoured tail.
You curl defensively after being hit. (AC +7*)


Message History

The white imp is heavily wounded.
The white imp gestures at you. The puff of frost hits you!
You barely miss the white imp. You tail-slap the white imp.
The white imp is heavily wounded.
You block the white imp's attack. The white imp hits you.
The white imp freezes you.
You hit the white imp.
Your tail-slap misses the white imp.
The white imp is severely wounded.
The white imp gestures at you. You block the puff of frost.
You hit the white imp but do no damage.
The white imp is severely wounded.
A quasit opens the door.
You block the white imp's attack.
A quasit comes into view.
You barely miss the white imp.
The white imp is severely wounded.
The white imp gestures at you. The puff of frost hits you!
You are too injured to fight recklessly!
You are too injured to fight recklessly!
You are too injured to fight recklessly!
Okay, then.
Okay, then.
You feel yourself speed up. The white imp gestures at you.
The puff of frost hits you!
* * * LOW HITPOINT WARNING * * *
The white imp hits you.
* * * LOW HITPOINT WARNING * * *
The white imp freezes you.
* * * LOW HITPOINT WARNING * * *
You feel better. The white imp gestures at you. The puff of frost hits you!
* * * LOW HITPOINT WARNING * * *
The white imp hits you.
* * * LOW HITPOINT WARNING * * *
The white imp freezes you.
You die...

... ... ... ...
..
#.#########..#
#............#
#..55.........
#...@.........
#............
#.....5.....#
#.......#'#.#
##.#.........#
♣.....#......#
♣.....#....#..$
#....#>##...#
##
#♣♣..#.##<..#


You could see a quasit and 2 white imps.

Vanquished Creatures
  An ogre (D:5)
  Blork the orc (D:4)
  A kobold brigand (Sewer)
  A necrophage (D:5)
  A jelly (D:5)
  An orc priest (D:3)
  An iguana (D:4)
  3 orc wizards
  4 gnolls (D:5)
  9 adders
  A shadow imp (D:6)
  5 worms
  2 dart slugs (D:3)
  10 orcs
  9 ball pythons
  4 endoplasms
  3 giant cockroaches (D:2)
  7 goblins
  5 hobgoblins
  2 jackals (Sewer)
  6 kobolds
  4 quokkas
  8 bats
  3 frilled lizards
  14 rats
106 creatures vanquished.

Vanquished Creatures (others)
  2 plants (D:1)
  3 withered plants (D:3)
5 creatures vanquished.

Grand Total: 111 creatures vanquished

Notes
Turn   | Place    | Note
-------+----------+-------------------------------------------
     0 | D:1      | marklar909 the Palentonga Fighter began the quest for the
                  | Orb.
     0 | D:1      | Reached XP level 1. HP: 19/19 MP: 1/1
   519 | D:1      | Reached XP level 2. HP: 20/25 MP: 2/2
  1513 | D:2      | Reached XP level 3. HP: 28/31 MP: 3/3
  2202 | D:3      | Reached XP level 4. HP: 38/38 MP: 4/4
  2283 | D:3      | Found a glowing drain.
  2287 | D:3      | Paralysed by a kobold for 3 turns
  2292 | D:3      | Paralysed by a kobold for 5 turns
  2408 | Sewer    | Entered a sewer
  2453 | Sewer    | Noticed a kobold brigand
  2481 | Sewer    | Killed a kobold brigand
  2482 | Sewer    | Reached XP level 5. HP: 44/44 MP: 5/5
  2592 | Sewer    | Found a white marble altar of Elyvilon.
  2981 | D:3      | Found a shimmering blue altar of Sif Muna.
  3021 | D:3      | Found a faded altar of an unknown god.
  3817 | D:4      | Noticed a lemure
  3819 | D:4      | Noticed Pikel
  3819 | D:4      | Noticed a lemure
  3887 | D:4      | Reached skill level 1 in Stealth
  4039 | D:4      | Noticed a lemure
  4041 | D:4      | Noticed a lemure
  4112 | D:4      | Reached XP level 6. HP: 38/51 MP: 6/6
  4642 | D:5      | Entered Level 5 of the Dungeon
  4642 | D:5      | Noticed Blork the orc
  4661 | D:4      | Killed Blork the orc
  5631 | D:5      | Reached skill level 1 in Dodging
  5747 | D:5      | Gained mutation: You curl defensively after being hit. (AC
                  | +7*) [Palentonga growth]
  5747 | D:5      | Reached XP level 7. HP: 38/57 MP: 7/7
  5970 | D:5      | Found a staircase to the Ecumenical Temple.
  6452 | Temple   | Entered the Ecumenical Temple
  6707 | Temple   | Became a worshipper of Makhleb the Destroyer
  6861 | D:6      | HP: 1/57 [white imp (2)]
  6861 | D:6      | Slain by a white imp

Illustrated notes

Levels and vault maps discovered:
D:1:      dpeg_arrival_round_c, layout_loops_ring, serial_bayou,
          serial_bayou_shore_a, serial_bayou_pond_c, serial_bayou_ford_a,
          serial_bayou_crossing
D:2:      layout_basic, chequers_serial_rivers_small_3
D:3:      layout_loops_ring, mainiacjoe_overflow_catwalk,
          cheibrodos_sewer_entry_drain, shapermc_ecumenical_altar_flowoftime,
          minmay_misc_feat_enclosed, kennysheep_generic_room_4
D:4:      layout_basic, amcnicky_mini_rare_corridor_liquid, uniq_pikel
D:5:      layout_cave_pods, minmay_temple_entry_glassed_door, minivault_25,
          minmay_crystal_room, uniq_blork_the_orc
D:6:      layout_basic, serial_demonic, serial_demonic_b, serial_demonic_a,
          serial_demonic_b, serial_demonic_e, hangedman_decor_points
Temple:   mainiacjoe_temple_bowtie_tessellation

Skill      XL: |  1  2  3  4  5  6 |
---------------+-------------------+-----
Shields        | 3 |  3.7
Armour         | 3 4 |  4.3
Maces & Flails | 3 4 |  4.7
Stealth        | 1 |  1.3
Fighting       | 4 |  4.1
Dodging        | 1 |  1.2
Evocations     | |  0.1

Action                   |  1- 3 |  4- 6 |  7- 9 || total
-------------------------+-------+-------+-------++-------
Melee: Flail             |    82 |   231 |    26 ||   339
       Tailslap          |     9 |    32 |     3 ||    44
 Abil: Rolling Charge    |    20 |    22 |     6 ||    48
Evoke: Wand              |       |     2 |     1 ||     3
  Use: Scroll            |     4 |     4 |     1 ||     9
       Potion            |       |       |     3 ||     3
 Stab: Paralysed         |       |     5 |     3 ||     8
Armor: Scale mail        |    41 |    83 |       ||   124
       Ring mail         |       |    33 |     5 ||    38
Dodge: Dodged            |    33 |    70 |     6 ||   109
Block: Buckler           |    12 |    47 |     5 ||    64

Table legend: (Time is in decaauts)
 A = Elapsed time spent in this place.
 B = Non-inter-level travel time spent in this place.
 C = Inter-level travel time spent in this place.
 D = Time resting spent in this place.
 E = Time spent auto-exploring this place.
 F = Levels seen in this place.
 G = Mean time per level.
                   A        B        C        D        E       F      G
               +--------+--------+--------+--------+--------+-----+--------+
         Total |   7070 |   6393 |    677 |   1003 |   3643 |   8 |  883.8 |
       Dungeon |   6414 |   5801 |    613 |    989 |   3341 |   6 | 1069.0 |
        Temple |    280 |    216 |     64 |      0 |    202 |   1 |  280.0 |
         Sewer |    374 |    374 |      0 |     14 |    100 |   1 |  374.0 |
               +--------+--------+--------+--------+--------+-----+--------+

Top non-repeatable levels by time:
     D:4: 1558 daAuts
     D:5: 1519 daAuts
     D:3: 1148 daAuts
     D:1: 1123 daAuts
     D:2: 1041 daAuts
   Sewer: 374 daAuts
  Temple: 280 daAuts
     D:6: 22 daAuts
